 Dungeon Crawl Stone Soup version 0.24.1-11-gbbbb2193e6 (webtiles) character file.

Game seed: 11881774149299637932, levelgen mode: deterministic

23368 Riddle the Covert (level 12, -20/63 HPs)
             Began as a Spriggan Venom Mage on May 15, 2020.
             Was an Initiate of Ru.
             Demolished by Agnes
             ... wielding a +0 lajatang of protection
              (27 damage)
             ... on level 14 of the Dungeon.
             The game lasted 00:55:38 (18286 turns).

Riddle the Covert (Spriggan Venom Mage)            Turns: 18286, Time: 00:55:39

Health: -20/63     AC: 10    Str:  4    XL:     12   Next: 71%
Magic:  4/27       EV: 25    Int: 23    God:    Ru [......]
Gold:   464        SH:  8    Dex: 16    Spells: 22/32 levels left

rFire    + . .     SeeInvis +   P - +1 long sword
rCold    . . .     Gourm    .   t - +0 buckler
rNeg     + . .     Faith    .   M - +0 troll leather armour
rPois    +         Spirit   .   Q - +0 hat
rElec    .         Reflect  .   x - +3 cloak of the Last Blessings {rPois rN+ Int-4}
rCorr    .         Harm     .   (gloves unavailable)
MR       +++..                  (boots unavailable)
Stlth    ++++++....             S - amulet of regeneration
HPRegen  1.00/turn              N - +5 ring of intelligence
MPRegen  0.20/turn              L - ring of stealth

@: very quick
A: very small, unfitting armour, icy blue scales 1, see invisible, fire
resistance 1, herbivore, speed 3, magic resistance 1, robust 1, slow metabolism
2
a: Renounce Religion


You were on level 14 of the Dungeon.
You worshipped Ru.
Ru was noncommittal.
You were not hungry.

You visited 3 branches of the dungeon, and saw 16 of its levels.
You also visited: Ossuary.

You collected 859 gold pieces.
You spent 395 gold pieces at shops.

Inventory:

Hand Weapons
 k - a +2 spear of venom
 H - a +2 flail of crushing
 P - a +1 long sword (weapon)
 R - a +2 dagger of holy wrath
Missiles
 G - 2 throwing nets (quivered)
Armour
 t - a +0 buckler (worn)
 x - the +3 cloak of the Last Blessings (worn) {rPois rN+ Int-4}
   (You found it on level 5 of the Dungeon)

   It affects your intelligence (-4).
   It protects you from poison.
   It protects you from negative energy.
 A - the +1 robe "Poyfrakk" {Str+4}
   (You found it on level 6 of the Dungeon)

   It affects your strength (+4).
 M - a +0 troll leather armour (worn)
 Q - a +0 hat (worn)
Jewellery
 b - an uncursed ring of flight
 l - a +2 ring of dexterity
 L - a ring of stealth (right hand)
 N - a +5 ring of intelligence (left hand)
 S - an amulet of regeneration (around neck)
 V - an uncursed ring of resist corrosion {unknown}
Wands
 v - a wand of scattershot (3)
 z - a wand of paralysis (5)
 J - a wand of disintegration (8)
 K - a wand of iceblast (6)
Scrolls
 d - 2 scrolls of enchant weapon {unknown}
 g - 2 scrolls of blinking {unknown}
 i - 5 scrolls of enchant armour {unknown}
 j - a scroll of summoning {unknown}
 m - 6 scrolls of remove curse
 n - a scroll of fog {unknown}
 o - a scroll of vulnerability {unknown}
 q - 3 scrolls of noise {unknown}
 r - 3 scrolls of fear {unknown}
 u - 2 scrolls of magic mapping {unknown}
 w - 7 scrolls of teleportation {unknown}
 y - 10 scrolls of immolation
 U - a scroll of identify
Potions
 a - 6 potions of heal wounds
 c - a potion of agility
 f - 3 potions of lignification
 h - a potion of magic
 p - 6 potions of curing
 s - a potion of brilliance
 B - a potion of cancellation {unknown}
 C - 2 potions of invisibility
 D - 2 potions of berserk rage
 E - a potion of mutation
 F - 4 potions of flight
 I - 2 potions of ambrosia
 O - a potion of resistance
 T - a potion of degeneration
Comestibles
 e - 3 rations


   Skills:
 + Level 4.7 Fighting
 * Level 3.4 Long Blades
 + Level 0.6 Armour
 + Level 12.4 Dodging
 + Level 13.5 Stealth
 * Level 6.8 Shields
 - Level 10.6 Spellcasting
 - Level 0.6 Conjurations
 - Level 2.0 Air Magic
 - Level 10.5 Poison Magic


You had 22 spell levels left.
You knew the following spells:

 Your Spells              Type           Power        Failure   Level  Hunger
a - Sting                 Conj/Pois      ####         1%          1    None
b - Poisonous Vapours     Pois/Air       #####.       1%          2    None
c - Olgreb's Toxic Radia  Pois           ######..     1%          4    #......
d - Mephitic Cloud        Conj/Pois/Air  ####....     4%          3    None

Your spell library contained the following spells:

 Spells                   Type           Power        Failure   Level  Hunger
 Spider Form              Tmut/Pois      #####.....   3%          3    None
 Magic Dart               Conj           ###.         8%          1    None
 Beastly Appendage        Tmut           ##....       10%         1    None
 Corona                   Hex            ##.....      10%         1    None
 Freeze                   Ice            ##..         10%         1    None
 Throw Frost              Conj/Ice       ##....       13%         2    None
 Blink                    Tloc           N/A          14%         2    None
 Call Imp                 Summ           ##......     14%         2    None
 Ensorcelled Hibernation  Hex/Ice        ##....       14%         2    None
 Slow                     Hex            ##......     14%         2    None
 Sticks to Snakes         Tmut           ##......     14%         2    None
 Conjure Flame            Conj/Fire      ##......     26%         3    None
 Dazzling Spray           Conj/Hex       ##....       26%         3    None
 Venom Bolt               Conj/Pois      #####.....   26%         5    ####...
 Confuse                  Hex            ##......     28%         3    None
 Ozocubu's Armour         Chrm/Ice       ##......     28%         3    None
 Tukima's Dance           Hex            ##......     28%         3    None
 Throw Icicle             Conj/Ice       ##......     63%         4    #......
 Ice Form                 Ice/Tmut       ##......     67%         4    #......
 Summon Ice Beast         Ice/Summ       ##......     67%         4    #......
 Iskenderun's Battlesphe  Conj/Chrm      ##......     93%         5    ####...
 Bolt of Magma            Conj/Fire/Erth ##........   94%         5    ####...
 Blade Hands              Tmut           ##........   95%         5    ####...
 Iron Shot                Conj/Erth      ##........   100%        6    ######.
 Orb of Destruction       Conj           ###.......   100%        7    #######
 Spellforged Servitor     Conj/Summ      ##........   100%        7    #######


Dungeon Overview and Level Annotations

Branches:
Dungeon (14/15)            Temple (1/1) D:5            Lair (1/6) D:8
Ossuary (visited)
    Orc: D:9-12      Vaults: D:13-14

Altars:
Ashenzari
Cheibriados
Dithmenos
Elyvilon
Fedhas
Gozag
Hepliaklqana
Kikubaaqudgha
Makhleb
Nemelex Xobeh
Okawaru
Qazlal
Ru
Sif Muna
Trog
Uskayaw
Vehumet
Wu Jian
Xom
Yredelemnul
Zin
The Shining One

Shops:
D:6 [   D:8 (   D:9 :   D:13 !((*

Annotations:
D:10 DungeonDestroyer's ghost, novice GnFi
D:11 1 runed translucent door, Gabide's ghost, journeyman HuGl
D:14 Agnes


Innate Abilities, Weirdness & Mutations

You are very small and have problems with some larger weapons.
You are too small for most types of armour.
You have supernaturally acute eyesight. (SInv)
You are a herbivore.
You cover ground extremely quickly.
You need to consume almost no food.
You are partially covered in icy blue scales. (AC +2)
Your flesh is heat resistant. (rF+)
You are resistant to hostile enchantments. (MR+)
You are robust. (+10% HP)


Message History

Casting: Poisonous Vapours (safe; 1% risk of failure)
Confirm with . or Enter, or press ? or * to list all spells.
Aiming: Poisonous Vapours (safe; 1% risk of failure)
Press: ? - help, Dir - move target cursor, f/p - Agnes
Aim: Agnes, wielding a +0 lajatang of protection and wearing a +0 robe (poison gas, heavily wounded, berserk, fast, unusually strong, poisoned)
The poisonous vapours increase!
Agnes is engulfed in poison gas.
Agnes looks as sick as possible!
Agnes misses you.
Agnes is engulfed in poison gas.
Agnes looks as sick as possible!
You block Agnes's attack.
Unknown command.
Unknown command.
Agnes is engulfed in poison gas.
Agnes looks as sick as possible!
Agnes completely misses you.
You riposte.
You hit Agnes but do no damage.
Agnes is heavily wounded.
Agnes completely misses you.
You riposte.
You miss Agnes.
Agnes is heavily wounded.
Agnes rages.
You see here an arrow.
Agnes hits you with a +0 lajatang of protection!!
You die...

..................
################## # # #
# #..
#####################...#
................(........
.........................
.###############@(#####
.# #i## .# #.# .# #.## .#
#).# .# ##.# #☼# #.# #
#######.#####.##.


You could see Agnes (berserk).

Vanquished Creatures
  2 two-headed ogres (D:8)
  A hydra (D:11)
  3 centaur warriors
  4 unseen horrors
  Pikel (D:5)
  A cyclops (D:13)
  3 manticores
  2 ugly things
  An elephant (D:8)
  2 centaur zombies
  A kobold demonologist (D:11)
  A komodo dragon (D:10)
  3 hornets
  3 trolls
  3 hippogriffs
  A shadow (D:13)
  A wyvern (D:11)
  2 wraiths
  8 yaks
  2 hungry ghosts
  A basilisk (D:8)
  2 soldier ants (D:9)
  A water moccasin (D:11)
  4 ice beasts
  2 slaves (D:5)
  An eye of draining (D:13)
  3 sky beasts
  9 orc warriors
  5 phantoms
  A black bear (D:7)
  8 ogres
  12 centaurs
  A crocodile (D:8)
  4 big kobolds
  A gnoll sergeant (D:8)
  6 bullfrogs
  A wyvern zombie (D:11)
  2 wyvern skeletons
  6 scorpions
  6 killer bees
  3 wights (D:10)
  9 crimson imps
  4 howler monkeys
  A jelly (D:6)
  2 bullfrog zombies
  6 hounds
  2 human zombies (Ossuary)
  5 orc priests
  5 bullfrog skeletons
  20 orc wizards
  5 centaur skeletons
  Crazy Yiuf (D:3)
  Jessica (D:8)
  7 worker ants
  2 big kobold zombies (Ossuary)
  A hound zombie (D:7)
  4 mummies (Ossuary)
  A howler monkey zombie (D:7)
  18 adders
  14 gnolls
  7 shadow imps
  2 oozes (D:1)
  2 adder skeletons
  An adder zombie (D:7)
  4 worms
  3 leopard geckos
  66 orcs
  3 bats
  3 giant cockroaches
  7 goblins
  3 hobgoblins (D:1)
  18 jackals
  5 quokkas
  2 ball pythons (D:1)
  5 frilled lizards
  A goblin zombie (Ossuary)
  A jackal skeleton (D:6)
  20 kobolds
  3 kobold zombies (Ossuary)
  A leopard gecko skeleton (D:7)
  A leopard gecko zombie (D:5)
  A quokka zombie (D:5)
  13 rats
404 creatures vanquished.

Vanquished Creatures (others)
  A vampire (D:13)
1 creature vanquished.

Grand Total: 405 creatures vanquished

Notes
Turn   | Place    | Note
-------+----------+-------------------------------------------
     0 | D:1      | Riddle the Spriggan Venom Mage began the quest for the Orb.
     0 | D:1      | Reached XP level 1. HP: 9/9 MP: 5/5
   364 | D:1      | Reached XP level 2. HP: 13/13 MP: 2/6
   382 | D:1      | Learned a level 2 spell: Poisonous Vapours
   968 | D:1      | Reached XP level 3. HP: 13/16 MP: 0/8
  1047 | D:1      | Found an iron altar of Okawaru.
  1758 | D:2      | Reached skill level 4 in Stealth
  1758 | D:2      | Reached skill level 1 in Air Magic
  1859 | D:2      | Reached XP level 4. HP: 21/21 MP: 2/10
  1922 | D:2      | Found a hide-covered altar of Uskayaw.
  2531 | D:3      | Reached XP level 5. HP: 24/24 MP: 2/11
  2699 | D:3      | Found a runed translucent door.
  2700 | D:3      | Noticed Crazy Yiuf
  2812 | D:3      | Killed Crazy Yiuf
  3211 | D:4      | Found a shattered altar of Ashenzari.
  3211 | D:4      | Found an ancient bone altar of Kikubaaqudgha.
  3234 | D:4      | Noticed an orc warrior
  3551 | D:3      | HP: 1/24 [orc wizard/puff of flame (6)]
  3554 | D:3      | Reached skill level 5 in Stealth
  3847 | D:3      | Killed an orc warrior
  3847 | D:3      | Reached XP level 6. HP: 28/28 MP: 6/13
  3950 | D:4      | Reached skill level 5 in Dodging
  4505 | D:5      | Entered Level 5 of the Dungeon
  4508 | D:5      | Noticed a slave
  4520 | D:5      | Killed a slave
  4778 | D:5      | Found a staircase to the Ecumenical Temple.
  4805 | Temple   | Entered the Ecumenical Temple
  4937 | D:5      | Reached skill level 5 in Spellcasting
  4944 | D:5      | Reached XP level 7. HP: 32/32 MP: 6/15
  5212 | D:5      | Got a polished cloak
  5223 | D:5      | Identified the +3 cloak of the Last Blessings {rPois rN+
                  | Int-4} (You found it on level 5 of the Dungeon)
  5467 | D:5      | Noticed Pikel
  5583 | D:5      | Killed Pikel
  5583 | D:5      | Reached skill level 6 in Stealth
  5583 | D:5      | Reached skill level 1 in Shields
  5583 | D:5      | Reached skill level 5 in Poison Magic
  5583 | D:5      | Reached XP level 8. HP: 36/36 MP: 3/18
  5772 | D:5      | Found a sacrificial altar of Ru.
  5806 | D:5      | Paralysed by a gnoll for 7 turns
  6160 | D:6      | Reached skill level 7 in Stealth
  6168 | D:6      | Found a burning altar of Makhleb.
  6251 | D:6      | Found a sand-covered staircase.
  6257 | D:6      | Got a dull robe
  6264 | Ossuary  | Entered an ossuary
  6275 | Ossuary  | Identified the +1 robe "Poyfrakk" {Str+4} (You found it on
                  | level 6 of the Dungeon)
  7093 | D:6      | Learned a level 4 spell: Olgreb's Toxic Radiance
  7105 | D:6      | Found Surphimei's Armour Emporium.
  7412 | D:6      | Reached XP level 9. HP: 37/39 MP: 9/21
  7796 | D:6      | Reached skill level 8 in Stealth
  8689 | D:7      | Reached skill level 9 in Stealth
  9101 | D:7      | Reached XP level 10. HP: 44/44 MP: 16/24
  9177 | D:7      | Found an ornate altar of the Wu Jian Council.
  9299 | D:7      | Found a stormy altar of Qazlal.
  9622 | D:8      | Found a staircase to the Lair.
  9630 | D:8      | Noticed an elephant
  9667 | D:8      | Killed an elephant
 10040 | D:8      | Reached skill level 10 in Spellcasting
 10418 | D:8      | Found a hazy altar of Hepliaklqana.
 10457 | D:8      | Found a bloodstained altar of Trog.
 10637 | D:8      | Noticed a two-headed ogre
 10677 | D:8      | Killed a two-headed ogre
 10677 | D:8      | Reached skill level 10 in Stealth
 10811 | D:8      | Found a shadowy altar of Dithmenos.
 10878 | D:8      | Noticed Jessica
 10881 | D:8      | Killed Jessica
 10916 | D:8      | Found a shimmering blue altar of Sif Muna.
 11004 | D:8      | Noticed a two-headed ogre
 11027 | D:8      | Killed a two-headed ogre
 11084 | D:8      | Found Juiwik's Antique Weapon Emporium.
 11330 | D:9      | Found Mituthrar's Book Shop.
 11530 | D:9      | Reached skill level 1 in Fighting
 11769 | D:9      | Reached skill level 10 in Dodging
 11769 | D:9      | Reached XP level 11. HP: 49/49 MP: 2/26
 11863 | D:10     | Entered Level 10 of the Dungeon
 12070 | D:10     | Learned a level 3 spell: Mephitic Cloud
 12376 | D:10     | Reached skill level 11 in Stealth
 12601 | D:10     | Found a runed translucent door.
 12601 | D:10     | Noticed DungeonDestroyer's ghost (novice GnFi)
 13365 | D:11     | Found a runed translucent door.
 13365 | D:11     | Noticed Gabide's ghost (journeyman HuGl)
 13418 | D:11     | Noticed a five-headed hydra
 13473 | D:11     | Reached skill level 10 in Poison Magic
 13478 | D:11     | Killed a five-headed hydra
 13478 | D:11     | Reached skill level 5 in Shields
 13922 | D:11     | Noticed an unseen horror
 13951 | D:11     | Killed an unseen horror
 14031 | D:11     | Noticed a white ugly thing
 14061 | D:11     | Killed a white ugly thing
 14061 | D:11     | Reached skill level 12 in Stealth
 14662 | D:12     | Noticed a green ugly thing
 14692 | D:12     | Killed a green ugly thing
 15105 | D:12     | Reached XP level 12. HP: 44/58 MP: 6/27
 16354 | D:13     | Found Pajub's Assorted Antiques.
 16369 | D:13     | Bought a glowing blue amulet for 140 gold pieces
 16447 | D:13     | Reached skill level 1 in Long Blades
 16447 | D:13     | Reached skill level 13 in Stealth
 16524 | D:13     | Noticed a centaur warrior
 16558 | D:13     | Killed a centaur warrior
 16739 | D:13     | Found Winolo's Weapon Shop.
 16791 | D:13     | Found Buraciju's Distillery.
 16828 | D:13     | Bought a potion of degeneration for 15 gold pieces
 16828 | D:13     | Bought a potion of heal wounds for 75 gold pieces
 16828 | D:13     | Bought a potion of heal wounds for 75 gold pieces
 16828 | D:13     | Bought a potion of curing for 45 gold pieces
 16828 | D:13     | Bought a potion of curing for 45 gold pieces
 16856 | D:13     | Gained mutation: You are robust. (+10% HP) [potion of
                  | mutation]
 16856 | D:13     | Gained mutation: You are partially covered in icy blue
                  | scales. (AC +2) [potion of mutation]
 16856 | D:13     | Gained mutation: You are resistant to hostile enchantments.
                  | (MR+) [potion of mutation]
 16856 | D:13     | Gained mutation: Your flesh is heat resistant. (rF+)
                  | [potion of mutation]
 16908 | D:13     | Noticed a centaur warrior
 16924 | D:13     | Killed a centaur warrior
 17185 | D:13     | Found Yzoh's Weapon Emporium.
 17515 | D:5      | Became a worshipper of Ru the Awakened
 17614 | Lair:1   | Entered Level 1 of the Lair of Beasts
 18191 | D:14     | Noticed a centaur warrior
 18207 | D:14     | Killed a centaur warrior
 18264 | D:14     | Noticed Agnes
 18280 | D:14     | HP: 3/63 [Agnes/+0 lajatang of protection (26)]
 18286 | D:14     | Demolished by Agnes

Levels and vault maps discovered:
D:1:      ncdulo_lavacross, layout_basic, okawaru_ov_weapons_minmay
D:2:      layout_rooms, lemuel_round_altar, first_ration, minivault_19
D:3:      layout_rooms, uniq_crazy_yiuf_cottage
D:4:      layout_cave_pools, chequers_temple_overflow_statue_of_worship
D:5:      layout_loops_ring, marbit_many_paths, minmay_temple_entry_tees,
          uniq_pikel
D:6:      layout_gridville, makhleb_grotto_becter, serial_shops, shop_coins,
          nicolae_ossuary_entry_ruins, grunt_ministairs_12, minivault_10,
          chequers_serial_rivers_marsh, grunt_decor_mini_mirrors,
          minmay_a_box_with_orc_wizards_in_it
D:7:      layout_cave_pools, lemuel_doored_altar, kennysheep_little_box
D:8:      layout_cave_pods, nicolae_overflow_crystal_walls, tgw_sif,
          lemuel_crystal_altar, david_lair_generic, serial_shops, shop,
          basic_altar
D:9:      layout_roguey, orc_david_3, serial_shops, kennysheep_mini_moat,
          st_stairs_13, amethyst_killhole, hangedman_pestilent_swarm,
          kennysheep_dice
D:10:     layout_loops_ring, ebering_ghost_reflecting_pool
D:11:     layout_irregular_city, hellmonk_ghost_happy_afterlife
D:12:     layout_loops_ring, minmay_door_square, minmay_unpleasant_kobolds
D:13:     layout_gridville, serial_shops, shop, nicolae_shop_crystal, shop,
          nicolae_shop_stone, corner_web_ring, minmay_misc_feat_rugged
D:14:     layout_long_grid, skrybe_vaults_entry_preservation, elyvilon_altar_5,
          portal_ice_cave_entry_animals_and_master, uniq_agnes
Temple:   minmay_temple_bridge_abc
Lair:1:   layout_roguey, gauntlet_entry_generic

Skill      XL: |  1  2  3  4  5  6  7  8  9 10 11 12 |
---------------+-------------------------------------+-----
Spellcasting   | 3 4 5 6 7 9 10 | 10.6
Stealth        | 4 5 6 7 9 10 12 13 | 13.5
Air Magic      | 1 2 |  2.0
Dodging        | 4 5 6 7 8 10 11 12 | 12.4
Poison Magic   | 4 5 6 8 9 10 | 10.5
Shields        | 1 2 3 4 5 6 |  6.8
Fighting       | 1 3 4 |  4.7
Long Blades    | 3 |  3.4
Armour         | |  0.6
Conjurations   | |  0.6

Action                   |  1- 3 |  4- 6 |  7- 9 | 10-12 || total
-------------------------+-------+-------+-------+-------++-------
Melee: Unarmed           |    19 |       |       |       ||    19
       Spear             |    19 |    58 |   367 |   303 ||   747
       Flail             |       |       |       |   314 ||   314
       Long sword        |       |       |       |   446 ||   446
 Cast: Sting             |    28 |     6 |    18 |    54 ||   106
       Poisonous Vapours |    33 |    71 |    95 |   240 ||   439
       Olgreb's Toxic Ra |       |       |    24 |    64 ||    88
Evoke: Wand              |       |       |       |     7 ||     7
  Use: Scroll            |       |       |     8 |     8 ||    16
       Potion            |       |       |       |     2 ||     2
 Stab: Sleeping          |       |       |     4 |    15 ||    19
       Distracted        |       |       |     1 |       ||     1
       Paralysed         |       |       |       |     6 ||     6
  Eat: Ration            |       |     2 |     8 |    10 ||    20
Armor: Robe              |     2 |     7 |    42 |    43 ||    94
       Troll leather arm |       |       |       |    87 ||    87
Dodge: Dodged            |    44 |    55 |   228 |  1104 ||  1431
Block: Buckler           |       |     1 |    93 |   467 ||   561
       Rpst.: Long sword |       |       |       |   174 ||   174
